Map: Eternal Empire LE

Players

SortOf - Winner!

  • Race: Zerg Zerg
  • League: Grandmaster
  • Spawn Location: 1:00

AGOElazer (Elazer)

  • Race: Zerg Zerg
  • League: Grandmaster
  • Spawn Location: 7:00

Event: DreamHack SC2 Masters 2020 Summer Europe

VOD

Have the link to the VOD?

Description

Time

  • Played on: June 25, 2020, 11:58 a.m.
  • Length: 9:36

All games in this series

Show
View Real Time Build Order
Export as new Build Order

SortOf Zerg - Winner!

Build Orders: Hatch First 

Get SALT Encoding   

  12  0:01  Drone  
  13  0:12  Overlord  
  13  0:17  Drone  
  14  0:30  Drone x2  
  16  0:48  Hatchery  
  15  0:52  Drone  
  15  0:55  Drone  
  17  0:58  Drone  
  18  1:09  Extractor  
  17  1:13  Spawning Pool  
  17  1:17  Drone  
  17  1:20  Drone  
  18  1:28  Drone  
  19  1:38  Drone  
  20  1:49  Drone  
  21  2:00  Queen x2  
  25  2:01  Overlord  
  25  2:02  Drone  
  26  2:09  Metabolic Boost  
  26  2:11  Drone  
  26  2:12  Drone  
  30  2:22  Drone x2  
  30  2:34  Hatchery  
  29  2:41  Drone  
  29  2:42  Drone  
  31  2:45  Baneling Nest  
  31  2:47  Zergling x2  
  31  2:51  Overlord  
  31  2:53  Drone  
  31  2:55  Drone  
  33  3:02  Queen  
  33  3:05  Zergling x2  
  36  3:10  Drone  
  36  3:12  Drone x2  
  39  3:18  Zergling x2  
  39  3:19  Overlord  
  40  3:20  Drone  
  40  3:22  Drone  
  40  3:25  Drone  
  43  3:35  Evolution Chamber  
  43  3:36  Drone x2  
  43  3:41  Lair  
  44  3:42  Drone x2  
  44  3:43  Drone  
  47  3:49  Zergling x4  
  47  3:50  Drone x2  
  47  3:54  Drone  
  52  3:56  Drone  
  54  4:02  Drone  
  54  4:06  Extractor  
  54  4:07  Extractor  
  54  4:09  Baneling  
  52  4:10  Baneling  
  52  4:11  Drone x2  
  52  4:14  Zerg Missile Weapons Level 1  
  52  4:15  Drone x3  
  57  4:18  Roach Warren, Overlord  
  57  4:21  Drone  
  57  4:29  Drone  
  57  4:31  Drone  
  57  4:35  Overlord  
  57  4:38  Drone x6  
  64  4:42  Extractor  
  64  4:44  Extractor  
  64  4:45  Drone x3  
  65  4:49  Overlord, Nydus Network  
  65  4:51  Overlord  
  65  4:52  Zergling x2  
  65  4:53  Zergling x2  
  65  4:59  Baneling x2  
  66  5:01  Roach x3  
  72  5:10  Roach x2  
  72  5:13  Roach  
  77  5:15  Queen x2  
  77  5:20  Roach x2  
  77  5:21  Roach  
  87  5:25  Overlord x2  
  87  5:30  Nydus Canal  
  87  5:32  Baneling  
  87  5:35  Roach, Overlord  
  89  5:36  Overlord  
  89  5:39  Overlord  
  89  5:40  Overlord  
  85  5:44  Roach x2  
  85  5:45  Drone, Roach  
  85  5:49  Nydus Canal  
  91  5:50  Roach  
  91  5:54  Roach x2  
  97  5:57  Queen  
  97  6:00  Overlord  
  97  6:04  Overlord  
  99  6:05  Nydus Canal  
  99  6:07  Roach  
  99  6:09  Roach  
  103  6:12  Roach  
  103  6:13  Roach  
  103  6:15  Roach  
  109  6:22  Roach  
  109  6:25  Spore Crawler x2  
  109  6:26  Roach  
  109  6:28  Roach  
  109  6:29  Roach  
  115  6:33  Ravager  
  115  6:34  Ravager  
  115  6:35  Ravager  
  115  6:36  Roach x3  
  118  6:40  Roach  
  118  6:41  Roach  
  118  6:42  Roach  
  118  6:43  Queen  
  126  6:48  Ravager x2  
  126  6:50  Roach  
  126  6:51  Roach  
  129  6:55  Roach x2  
  129  6:58  Nydus Canal  
  133  7:05  Queen  
  133  7:09  Roach  
  133  7:11  Queen  
  133  7:13  Roach  
  133  7:14  Ravager  
  138  7:25  Spore Crawler, Queen  
  138  7:26  Spore Crawler  
  138  7:27  Spore Crawler  
  137  7:34  Nydus Canal  
  137  7:37  Overlord  
  137  7:52  Queen  
  137  7:55  Queen  
  137  8:01  Roach x4, Queen  
  137  8:03  Roach  
  134  8:15  Roach  
  134  8:16  Nydus Canal  
  120  8:20  Roach  
  120  8:21  Roach  
  120  8:22  Roach  
  120  8:26  Ravager x6  
  120  8:27  Ravager  
  129  8:28  Queen  
  129  8:31  Queen  
  129  8:32  Roach x2  
  118  8:37  Queen  
  120  8:41  Roach  
  120  8:46  Nydus Canal  
  120  8:48  Roach x2  
  124  8:59  Roach  
  124  9:00  Roach  
  124  9:02  Roach  
  127  9:04  Roach  
  133  9:10  Roach  
  137  9:17  Roach  
Show
View Real Time Build Order
Export as new Build Order

AGOElazer Zerg 

Build Orders: Hatch First 

Get SALT Encoding   

  12  0:00  Drone  
  13  0:12  Overlord  
  13  0:16  Drone  
  14  0:30  Drone x2  
  16  0:47  Hatchery  
  15  0:51  Drone  
  15  0:54  Drone  
  17  0:58  Drone  
  18  1:08  Extractor  
  17  1:12  Spawning Pool  
  17  1:18  Drone  
  17  1:20  Drone  
  18  1:28  Drone  
  19  1:38  Drone  
  20  1:49  Drone  
  21  1:59  Queen x2  
  21  2:01  Drone, Overlord  
  26  2:09  Metabolic Boost  
  26  2:10  Drone  
  26  2:12  Zergling x2  
  28  2:21  Drone x2  
  30  2:33  Drone  
  30  2:35  Hatchery  
  30  2:39  Drone  
  30  2:42  Drone x2  
  33  2:48  Baneling Nest  
  32  2:53  Overlord  
  32  2:54  Drone  
  33  3:04  Drone x2  
  35  3:07  Drone, Overlord  
  35  3:12  Drone x2  
  38  3:14  Zergling x4  
  38  3:18  Drone x2  
  42  3:27  Lair  
  42  3:28  Drone x2  
  44  3:38  Extractor  
  44  3:40  Drone x4  
  46  3:42  Drone x3  
  46  3:44  Drone  
  46  3:48  Queen  
  50  3:49  Drone  
  50  3:53  Overlord  
  50  3:55  Drone  
  54  4:00  Drone  
  54  4:02  Zergling x2  
  56  4:04  Zergling x2  
  56  4:08  Extractor  
  56  4:10  Extractor  
  56  4:11  Baneling  
  56  4:12  Zergling x6  
  56  4:14  Drone x3  
  56  4:15  Drone  
  62  4:18  Baneling  
  62  4:19  Zergling x2  
  63  4:28  Zergling x4  
  64  4:32  Drone  
  64  4:33  Overlord, Spire  
  64  4:36  Extractor x2  
  62  4:39  Drone x2  
  62  4:43  Drone  
  65  4:47  Overlord  
  65  4:48  Evolution Chamber  
  65  4:49  Drone  
  65  4:54  Drone x6  
  65  4:57  Drone x2  
  73  5:01  Baneling x2  
  73  5:02  Overlord  
  73  5:05  Overlord  
  73  5:06  Drone x2  
  75  5:10  Overlord  
  74  5:19  Zergling x8, Spine Crawler  
  74  5:21  Spine Crawler  
  76  5:24  Zergling x4  
  77  5:37  Evolution Chamber  
  75  5:46  Mutalisk x9  
  89  5:51  Mutalisk x2  
  92  6:05  Mutalisk x2  
  94  6:12  Hatchery  
  94  6:14  Zerg Flyer Weapons Level 1  
  94  6:15  Overlord  
  93  6:21  Spine Crawler  
  93  6:22  Spine Crawler  
  91  6:27  Mutalisk  
  93  6:35  Mutalisk  
  93  6:36  Spine Crawler  
  93  6:38  Spine Crawler  
  87  6:43  Mutalisk  
  87  6:50  Zergling x22  
  95  7:08  Mutalisk  
  97  7:16  Mutalisk x2  
  97  7:18  Mutalisk  
  97  7:20  Overlord  
  101  7:32  Mutalisk  
  101  7:34  Drone  
  103  7:38  Drone  
  103  7:40  Drone x2  
  103  7:43  Mutalisk  
  106  7:46  Mutalisk  
  102  8:03  Mutalisk  
  92  8:07  Zergling x22  
  92  8:08  Zergling x6  
  91  8:16  Mutalisk  
  89  8:24  Drone x3  
  89  8:25  Extractor  
  91  8:27  Extractor  
  91  8:33  Mutalisk  
  92  8:35  Overlord  
  92  8:37  Zergling x8  
  94  8:49  Hatchery  
  83  8:56  Mutalisk  
  79  9:04  Spine Crawler  
  79  9:05  Spine Crawler  
  79  9:07  Zergling x4  
  83  9:17  Drone x2  
Tags
 
Add a new tag
Caveats
  • Supply blocks, unpowered buildings, or Contaminate may cause inaccurate times.
  • Supply counts are checked every 10 seconds.